 Dungeon Crawl Stone Soup version 0.27.1-34-g3ba077fa99 (webtiles) character file.

Game seed: 14606381675220097102

1 comborobin the Sneak (level 1, -2/19 HPs)
             Began as a Hill Orc Delver on Jan 6, 2022.
             Was an Initiate of Zin.
             Slain by a bullfrog skeleton (4 damage)
             ... on level 4 of the Dungeon.
             The game lasted 00:01:00 (503 turns).

comborobin the Sneak (Hill Orc Delver)               Turns: 503, Time: 00:01:01

Health: -2/19      AC:  3    Str: 14    XL:     1   Next: 20%
Magic:  1/1        EV: 11    Int: 10    God:    Zin [......]
Gold:   0          SH:  0    Dex: 12    Spells: 0/0 levels left

rFire    . . .     SeeInvis .   a - +0 hand axe
rCold    . . .     Faith    .   (no shield)
rNeg     . . .     Spirit   .   b - +0 leather armour
rPois    .         Reflect  .   (no helmet)
rElec    .         Harm     .   (no cloak)
rCorr    .         Rampage  .   (no gloves)
Will     .....                  (no boots)
Stlth    ++........             (no amulet)
HPRegen  0.06/turn              (no ring)
MPRegen  0.07/turn              (no ring)

@: no status effects
A: no striking features
a: Renounce Religion, Donate Gold


You were on level 4 of the Dungeon.
You worshipped Zin.
Zin was noncommittal.
You visited 2 branches of the dungeon, and saw 3 of its levels.

Inventory:

Hand Weapons
 a - a +0 hand axe (weapon)
Armour
 b - a +0 leather armour (worn)
Wands
 g - a wand of digging (3)
Scrolls
 c - a scroll of fog


   Skills:
 - Level 3.6 Fighting
 + Level 2.9 Axes
 - Level 1.5 Dodging
 - Level 4.1 Stealth


You couldn't memorise any spells.
You didn't know any spells.
Your spell library was empty.

Dungeon Overview and Level Annotations

Branches:
Dungeon (5/15)             Temple (1/1) D:4

Altars:
Cheibriados
Fedhas
Makhleb
Qazlal
Ru
Sif Muna
Trog
Vehumet
Wu Jian
Xom
Yredelemnul
Zin


Message History

The bullfrog skeleton closely misses you.
The bullfrog skeleton hits you.
You hit the bullfrog skeleton but do no damage.
The bullfrog skeleton is moderately damaged.
The bullfrog skeleton closely misses you.
Cornered, the orc turns to fight!
You hit the bullfrog skeleton.
The bullfrog skeleton is heavily damaged.
The bullfrog skeleton hits you but does no damage.
The bullfrog skeleton hits you.
* * * LOW HITPOINT WARNING * * *
The orc throws a boomerang of dispersal.
The boomerang of dispersal hits you.
* * * LOW HITPOINT WARNING * * *
You blink.
You barely miss the bullfrog skeleton.
The bullfrog skeleton is heavily damaged.
The bullfrog skeleton misses you.
You barely miss the bullfrog skeleton.
The bullfrog skeleton is heavily damaged.
You barely miss the ball python.
The bullfrog skeleton hits you but does no damage.
The ball python bites you. Zin protects you from harm!
The ball python grabs you. The ball python constricts you.
* * * LOW HITPOINT WARNING * * *
The bullfrog skeleton hits you but does no damage.
You slash the ball python!
You kill the ball python!
You hit the bullfrog skeleton.
The bullfrog skeleton barely misses you.
The bullfrog skeleton hits you but does no damage.
Unknown command.
You slash the bullfrog skeleton!
The bullfrog skeleton is severely damaged.
The bullfrog skeleton barely misses you.
You barely miss the bullfrog skeleton.
The bullfrog skeleton is severely damaged.
The bullfrog skeleton hits you.
You die...

,* *,* *,* ,* #.# *,# ,*
##**.#####.# * ,*
*******##.,,.....#.## * ,*
*,,,,,,...##(..*....# * .#
*,*****#.#..#.#....,* * .# #.#
#.#....#..#,.# * ##
#.#*####..#....##...# *
##.#*.......@Z>.$....# *
#...,.##...##†...#..## *
#..#***#..#..#....#,* * #..#
##..S.#.#..#,***** *
#..#######..#.?.##...,,,* *
#.....Z............##**,* **
####.#########....##..# *,****,
##....# ###..#*..* *,,,,,,
...####**********..#*,.#***,,,,,,


You could see a bullfrog skeleton.

Vanquished Creatures
  A ball python (D:4)
1 creature vanquished.

Notes
Turn   | Place    | Note
-------+----------+-------------------------------------------
     0 | D:5      | comborobin the Hill Orc Delver began the quest for the Orb.
     0 | D:5      | Reached XP level 1. HP: 19/19 MP: 1/1
    18 | D:4      | Noticed an iguana
    50 | D:4      | Found a staircase to the Ecumenical Temple.
    52 | D:4      | Noticed a steam dragon
    58 | Temple   | Entered the Ecumenical Temple
   465 | Temple   | Became a worshipper of Zin the Law-Giver
   500 | D:4      | Zin protects you from harm!
   503 | D:4      | Slain by a bullfrog skeleton

Illustrated notes

Levels and vault maps discovered:
D:4:      layout_loops_ring, minmay_temple_entry_mini_moons, st_stairs_9
D:5:      layout_basic, moated_statue, uniq_eustachio, uniq_crazy_yiuf_cottage
Temple:   minmay_temple_forest_path

Action                   || total
-------------------------++-------
Melee: Hand axe          ||    10
  Use: Scroll            ||     2
       Potion            ||     1
Armor: Leather armour    ||     4
Dodge: Dodged            ||    10
